[Event "Team 45 45 League T81"]
[Site "Internet Chess Club"]
[Date "2019.08.02"]
[Round "6"]
[White "cool64chess"]
[Black "trener"]
[Result "1-0"]
[WhiteElo "1918"]
[BlackElo "1723"]
[Opening "QGD: Orthodox defense, Bd3 line, 11.O-O"]
[ECO "D67"]
[Time "23:31:19"]
[TimeControl "2700+45"]

1. d4 Nf6 2. c4 e6 3. Nc3 d5 4. Nf3 Be7 5. Bg5 O-O 6. e3 Nbd7 7. Rc1 c6 8. Bd3
dxc4 9. Bxc4 Nd5 10. Bxe7 Qxe7 11. O-O Nxc3 12. bxc3 e5 13. Qc2 Re8 14. Rb1 e4
15. Nd2 Kh8 16. f3 f5 17. fxe4 fxe4 18. Rf7 Qg5 19. Rf4 Nf6 20. Rbf1 Be6 21.
Bxe6 Rxe6 22. Nxe4 Qg6 23. Rf5 h6 24. Nxf6 Rxf6 25. Qb1 Rxf5 26. Qxf5 Qxf5 27.
Rxf5 Re8 28. Kf2 Kg8 29. Ke2 g6 30. Rf2 c5 31. Kd3 cxd4 32. cxd4 {Black resigns}
1-0

[Event "Team 45 45 League T81"]
[Site "Internet Chess Club"]
[Date "2019.08.04"]
[Round "6"]
[White "MacroPawn"]
[Black "room-matt"]
[Result "0-1"]
[WhiteElo "1715"]
[BlackElo "1801"]
[Opening "English: Bremen, Smyslov system"]
[ECO "A21"]
[Time "10:41:09"]
[TimeControl "2700+45"]

1. c4 e5 2. Nc3 Bb4 3. g3 Nf6 4. Bg2 Bxc3 5. bxc3 O-O 6. Nf3 d6 7. O-O e4 8. Nd4
c5 9. Nc2 Nc6 10. Ne3 Re8 11. Qc2 Na5 12. Rb1 b6 13. d4 Bb7 14. Rd1 Rc8 15. dxc5
Rxc5 16. Ba3 Rc6 17. Rd4 Qc7 18. Qa4 Rc8 19. Bh3 Rd8 20. Rbd1 Ba6 21. Bb4 h6 22.
c5 Rxc5 23. Bxc5 Qxc5 24. Qc2 Nc6 25. R4d2 d5 26. Nf5 Na5 27. Ne3 Bb7 28. Qb2
Nc6 29. Nf5 Ne5 30. Qb4 Nc6 31. Qxc5 bxc5 32. e3 Ne5 33. Rb2 Ba6 34. Bf1 Nd3 35.
Rb3 Ng4 36. Bxd3 Bxd3 37. Ne7+ Kh7 38. Nc6 Rd6 39. Nxa7 Bc2 40. Rdb1 Bxb1 41.
Rxb1 Ra6 42. Rb7 f6 43. h3 Ne5 44. Nb5 Rxa2 45. Rc7 Nf3+ 46. Kg2 Ne1+ 47. Kg1
Nd3 48. c4 dxc4 49. Nc3 Ra1+ 50. Kh2 f5 51. g4 Rc1 52. Nd5 Rf1 53. gxf5 Rxf2+
54. Kg1 Rxf5 55. Nc3 Rf3 56. Nxe4 Rxe3 57. Nf6+ Kg6 58. Nd5 Rxh3 59. Kg2 Rh5 60.
Ne7+ Kg5 61. Nd5 g6 62. Kf3 Rh3+ 63. Ke4 Nf2+ 64. Ke5 c3 65. Rxc5 Nd3+ {White
resigns} 0-1

[Event "Team 45 45 League T81"]
[Site "Internet Chess Club"]
[Date "2019.08.05"]
[Round "6"]
[White "MathBandit"]
[Black "PJ"]
[Result "1-0"]
[WhiteElo "1636"]
[BlackElo "1549"]
[Opening "Bishop's opening: Berlin defense"]
[ECO "C24"]
[Time "10:00:29"]
[TimeControl "2700+45"]

1. e4 e5 2. Bc4 Nf6 3. d3 c6 4. Nf3 d5 5. Bb3 Bd6 6. exd5 cxd5 7. Bg5 Be6 8. Nc3
Bc7 9. O-O Nc6 10. Re1 Qd7 11. d4 e4 12. Ne5 Nxe5 13. dxe5 Bxe5 14. Ba4 {Black
resigns} 1-0

[Event "Team 45 45 League T81"]
[Site "Internet Chess Club"]
[Date "2019.08.04"]
[Round "6"]
[White "nathanpillay"]
[Black "President"]
[Result "1-0"]
[WhiteElo "1792"]
[BlackElo "1671"]
[Opening "Queen's pawn: English defense"]
[ECO "A40"]
[Time "12:00:22"]
[TimeControl "2700+45"]

1. d4 b6 2. e4 Bb7 3. Bd3 e6 4. Ne2 Nf6 5. Nd2 c5 6. c3 cxd4 7. cxd4 Nc6 8. a3
d5 9. e5 Nd7 10. O-O Be7 11. f4 Qc7 12. Nf3 h6 13. Be3 O-O-O 14. b4 Kb8 15. Rc1
a6 16. Nc3 Rc8 17. b5 axb5 18. Nxb5 Qd8 19. Qa4 Na5 20. Bd2 Bc6 21. Bxa5 bxa5
22. Rb1 Ka8 23. Rfc1 Qb6 24. Rxc6 Rxc6 25. Nd6 Qc7 26. Rb7 Rc1+ 27. Kf2 Qxb7 28.
Nxb7 Nb6 29. Qxa5+ Kxb7 30. Qa6+ Kc7 31. Qa7+ Kc6 32. Qxe7 Nc4 33. Qxf7 Rc3 34.
Qxe6+ Kc7 35. Qxd5 Nxa3 36. Qa5+ {Black resigns} 1-0

[Event "Team 45 45 League T81"]
[Site "Internet Chess Club"]
[Date "2019.08.03"]
[Round "6"]
[White "Monterrey"]
[Black "cysk"]
[Result "1/2-1/2"]
[WhiteElo "1971"]
[BlackElo "1793"]
[Opening "Dutch"]
[ECO "A80"]
[Time "22:05:04"]
[TimeControl "2700+45"]

1. d4 f5 2. Nc3 Nf6 3. Bg5 d5 4. Bxf6 exf6 5. e3 Be6 6. Bd3 Nc6 7. a3 Qd7 8.
Nge2 Be7 9. Nf4 Bf7 10. Qf3 O-O-O 11. h4 h5 12. b4 Kb8 13. Bb5 g5 14. Nd3 g4 15.
Qe2 Bd6 16. O-O-O a6 17. Ba4 Ka7 18. Nc5 Bxc5 19. dxc5 b5 20. Bb3 d4 21. Bxf7
Qxf7 22. exd4 Nxd4 23. Qf1 Rhe8 24. Rd2 Nb3+ 25. cxb3 Qxb3 26. Rd3 Qxa3+ 27. Kc2
Qxb4 28. Qd1 Rxd3 29. Qxd3 Qxc5 30. Ra1 Qxf2+ 31. Kb3 Qe3 32. Qxf5 Qe6+ 33. Qxe6
Rxe6 34. Nxb5+ Kb7 35. Nd4 Re4 36. Kc3 c5 37. Nf5 Re2 38. Rb1+ Kc6 39. Rb2 Re5
40. Rf2 a5 41. Ng7 Kb5 42. Rxf6 Re2 43. Rf5 a4 44. Nxh5 Rxg2 45. Nf6 a3 46. Ne4
a2 47. Rf1 Rh2 48. Nd6+ Kc6 49. Ne4 Rxh4 50. Ra1 Rh3+ 51. Kc2 Rh2+ 52. Kd3 Rh3+
53. Kc4 g3 54. Rxa2 Rh4 55. Ra6+ Kb7 56. Rg6 {Game drawn by mutual agreement}
1/2-1/2

[Event "Team 45 45 League T81"]
[Site "Internet Chess Club"]
[Date "2019.08.01"]
[Round "6"]
[White "ChessRooklift"]
[Black "cayo89"]
[Result "1/2-1/2"]
[WhiteElo "1668"]
[BlackElo "1628"]
[Opening "Old Indian defense"]
[ECO "A53"]
[Time "20:05:17"]
[TimeControl "2700+45"]

1. d4 d6 2. c4 Nf6 3. Nc3 Nbd7 4. h4 e5 5. Bg5 Be7 6. e3 c6 7. h5 h6 8. Bh4 Qc7
9. Bd3 Nb6 10. Nf3 Bg4 11. Qb3 Nxh5 12. O-O-O exd4 13. exd4 Bxh4 14. Rxh4 Nf6
15. Re1+ Kd8 16. c5 dxc5 17. dxc5 Nbd5 18. Nxd5 cxd5 19. Ne5 Be6 20. Kb1 Nd7 21.
Nxd7 Qxd7 22. Bb5 Qc7 23. Qc3 Rg8 24. Rc1 a6 25. Be2 Rc8 26. Qd4 Qc6 27. Rhh1
Kc7 28. Qf4+ Kd7 29. Rhd1 Rcd8 30. Bf3 Kc8 31. Rd4 Qc7 32. Qd2 Bf5+ 33. Ka1 Be4
34. Be2 Rge8 35. c6 b5 36. f3 Bf5 37. a4 Qb6 38. a5 Qc7 39. b4 Be6 40. Qc2 Qd6
41. f4 g6 42. Bd3 Kc7 43. f5 gxf5 44. Bxf5 Bxf5 45. Qxf5 Qe6 46. Qf2 Qe3 47.
Qxf7+ Re7 48. Qf4+ Qxf4 49. Rxf4 Rd6 50. Kb2 Rde6 51. Rc5 Re4 52. Rxe4 dxe4 53.
Kc2 Rg7 54. Kc3 Rxg2 55. Re5 Rg6 56. Re7+ Kxc6 57. Rxe4 Kd5 58. Rd4+ Ke5 59. Rd8
Kf5 60. Rb8 h5 61. Kd4 Kg4 62. Rb6 Kg5 63. Ke4 h4 64. Kf3 Kf5 65. Rb8 Kg5 66.
Kg2 Kg4 67. Rb6 Kf5+ 68. Kh3 Kg5 69. Rb8 Rh6 70. Rb6 Rg6 71. Rb8 Kf4 72. Rb6 Kf5
73. Kxh4 Rg4+ 74. Kh3 Rxb4 75. Rxa6 Ra4 76. Ra8 Kg6 77. a6 b4 78. a7 Kg7 79. Rb8
Rxa7 80. Rxb4 Ra5 {Game drawn by mutual agreement} 1/2-1/2

[Event "Team 45 45 League T81"]
[Site "Internet Chess Club"]
[Date "2019.08.04"]
[Round "6"]
[White "cpic2363"]
[Black "Goli"]
[Result "1/2-1/2"]
[WhiteElo "1514"]
[BlackElo "1659"]
[Opening "Robatsch (modern) defense"]
[ECO "B06"]
[Time "16:02:39"]
[TimeControl "2700+45"]

1. e4 g6 2. d4 Bg7 3. Nf3 d6 4. Bc4 Nf6 5. Nc3 O-O 6. h3 a6 7. Be3 b5 8. Bd3 Bb7
9. a3 Nbd7 10. Qd2 c5 11. Bh6 c4 12. Bxg7 Kxg7 13. Be2 Nxe4 14. Nxe4 Bxe4 15. h4
h6 16. Nh2 Bxg2 17. Rg1 Be4 18. h5 Nf6 19. hxg6 fxg6 20. Bf3 Bxf3 21. Nxf3 Nh5
22. Nh4 Rf6 23. O-O-O Qf8 24. Qe2 Kh7 25. Nxg6 Rxg6 26. Rxg6 Kxg6 27. Rg1+ Kh7
28. Qxh5 Qf4+ 29. Kb1 Rg8 30. Rxg8 Kxg8 31. Qd5+ Kg7 32. Qb7 Kf6 33. Qxa6 Qxf2
34. Qxb5 Qxd4 35. a4 Qd1+ 36. Ka2 Qxc2 37. a5 c3 38. a6 Qe4 39. bxc3 Qc2+ 40.
Qb2 Qa4+ 41. Qa3 Qc2+ {Game drawn by mutual agreement} 1/2-1/2

[Event "Team 45 45 League T81"]
[Site "Internet Chess Club"]
[Date "2019.08.01"]
[Round "6"]
[White "Egmont"]
[Black "g8wrb"]
[Result "1-0"]
[WhiteElo "1639"]
[BlackElo "1317"]
[Opening "Nimzo-Indian: 4.e3 O-O, 5.Bd3"]
[ECO "E47"]
[Time "13:02:19"]
[TimeControl "2700+45"]

1. d4 e6 2. c4 Nf6 3. Nc3 Bb4 4. e3 O-O 5. Bd3 b6 6. Ne2 Bb7 7. f3 d5 8. cxd5
exd5 9. O-O Re8 10. a3 Bd6 11. Nb5 Bf8 12. Qc2 c6 13. Nbc3 Ba6 14. Bd2 Bxd3 15.
Qxd3 Bd6 16. e4 dxe4 17. fxe4 Bc7 18. Bg5 h6 19. Bxf6 gxf6 20. Qh3 Kg7 21. Rf5
Rh8 22. Qg4+ Kh7 23. Qh5 Qe7 24. Raf1 Nd7 25. R1f3 Rag8 26. Rh3 Rg6 27. e5 fxe5
28. Rhf3 Rf6 29. Rxf6 Nxf6 30. Qf5+ Kg7 31. dxe5 Qxe5 32. Rg3+ Kf8 33. Qc8+ Ne8
34. Qd7 Qc5+ 35. Kh1 Bxg3 36. Nxg3 Qe7 37. Qd2 Qg5 38. Qc2 Ng7 39. Nce4 Qd5 40.
Nf6 Qe6 41. Nge4 Nf5 42. Qd2 Kg7 43. Qf4 Rd8 44. g4 Rd1+ 45. Kg2 Nh4+ 46. Kh3
Ng6 47. Nh5+ Kg8 48. Nef6+ Kf8 49. Qb8+ Ke7 50. Ng8+ Kd7 51. Nhf6+ {Black
resigns} 1-0

[Event "Team 45 45 League T81"]
[Site "Internet Chess Club"]
[Date "2019.08.04"]
[Round "6"]
[White "santiagoelawad"]
[Black "Monterrey"]
[Result "0-1"]
[WhiteElo "1940"]
[BlackElo "1986"]
[Opening "King's Indian: fianchetto, classical variation, 8.e4"]
[ECO "E68"]
[Time "19:03:54"]
[TimeControl "2700+45"]

1. c4 Nf6 2. Nc3 g6 3. g3 Bg7 4. Bg2 O-O 5. Nf3 d6 6. O-O e5 7. d4 Nbd7 8. e4 a6
9. Re1 exd4 10. Nxd4 Ne5 11. b3 c5 12. Nc2 Rb8 13. a4 Nfg4 14. Bb2 b5 15. axb5
axb5 16. Nxb5 Nxf2 17. Qxd6 Qxd6 18. Nxd6 Nfd3 19. Bxe5 Bxe5 20. Nxc8 Rfxc8 21.
Re3 Nb4 22. Nxb4 Rxb4 23. Rd1 Bd4 24. Rxd4 cxd4 25. Rd3 Rd8 26. e5 Rdb8 27. Rxd4
Rxb3 28. Bd5 Re3 29. Rf4 Rxe5 30. Bxf7+ Kg7 31. Bd5 Rb2 32. Rf2 Ree2 33. Rxe2
Rxe2 34. h4 h6 35. Kf1 Rc2 36. Ke1 Kf6 37. Kf1 Kf5 38. Bf7 g5 39. hxg5 hxg5 40.
Bh5 Rxc4 41. Bf3 Rc2 42. Kg1 Rb2 43. Kf1 Ke5 44. Kg1 Kd4 45. Kf1 Ke3 46. Bg4 Rb4
47. Bh5 g4 {White resigns} 0-1

[Event "Team 45 45 League T81"]
[Site "Internet Chess Club"]
[Date "2019.08.03"]
[Round "6"]
[White "laurenpar"]
[Black "jjmolina"]
[Result "1/2-1/2"]
[WhiteElo "1893"]
[BlackElo "1708"]
[Opening "Nimzovich-Larsen attack: modern variation"]
[ECO "A01"]
[Time "03:09:13"]
[TimeControl "2700+45"]

1. b3 e5 2. Bb2 Nc6 3. e3 Nf6 4. Bb5 d6 5. d4 exd4 6. exd4 a6 7. Be2 d5 8. Nf3
Bd6 9. O-O O-O 10. Ba3 Bxa3 11. Nxa3 Qd6 12. Nb1 Re8 13. c3 Ne4 14. Nfd2 Bf5 15.
Nxe4 Bxe4 16. Nd2 Bg6 17. Re1 Re7 18. Nf1 Rae8 19. Qd2 Nd8 20. Bf3 Rxe1 21. Rxe1
Rxe1 22. Qxe1 Ne6 23. g3 c6 24. Bg2 Kf8 25. f4 Qe7 26. Bh3 Bd3 27. b4 Bc4 28.
Bxe6 Qxe6 29. Qxe6 fxe6 30. a3 Bxf1 31. Kxf1 Ke7 32. a4 b6 33. Ke2 Kd6 34. g4 c5
35. b5 axb5 36. axb5 g6 37. Kf3 cxd4 38. cxd4 Ke7 {Game drawn by mutual
agreement} 1/2-1/2

[Event "Team 45 45 League T81"]
[Site "Internet Chess Club"]
[Date "2019.08.02"]
[Round "6"]
[White "primerpaso"]
[Black "Otelo"]
[Result "1-0"]
[WhiteElo "1750"]
[BlackElo "1624"]
[Opening "English opening"]
[ECO "A16"]
[Time "10:01:27"]
[TimeControl "2700+45"]

1. c4 Nf6 2. Nc3 g6 3. g3 Bg7 4. Bg2 O-O 5. e4 d6 6. Nge2 e5 7. O-O Nc6 8. d3
Be6 9. h3 Qd7 10. Kh2 Nh5 11. g4 Nf6 12. Nd5 Ne8 13. Ng3 Nd4 14. f4 f5 15. exf5
gxf5 16. g5 c6 17. Nc3 e4 18. dxe4 Bxc4 19. Re1 Be6 20. Be3 c5 21. Nge2 Nxe2 22.
Qxe2 fxe4 23. Nxe4 Rd8 24. Rad1 Qc7 25. Ng3 Bc8 26. Qc2 b6 27. f5 Be5 28. f6 d5
29. Bf2 d4 30. Qe4 Bf4 31. h4 h6 32. Qg6+ Kh8 33. Re7 Bf5 34. Qxh6+ Kg8 35. g6
Bxh6 36. Rxc7 Nxf6 37. Nxf5 Ng4+ 38. Kg3 Rxf5 39. Bg1 Ne3 40. Bxe3 Bxe3 41. Bf1
Bf4+ 42. Kg4 Bxc7 43. Kxf5 Rf8+ 44. Kg5 Kg7 45. Bd3 Rf2 46. h5 Bf4+ 47. Kg4 Be3
48. Rf1 Rxf1 49. Bxf1 Kf6 50. Kf3 Bh6 51. Ke4 Ke6 52. Bc4+ Kd6 53. Kf5 Ke7 54.
a4 a5 55. b3 Kf8 56. Kf6 d3 57. Bxd3 Kg8 58. Bc4+ Kf8 59. Be6 Bg7+ 60. Kg5 Bc3
61. Kh6 Bd2+ 62. Kh7 Bc3 63. h6 Ke7 64. Bc4 {Black resigns} 1-0

[Event "Team 45 45 League T81"]
[Site "Internet Chess Club"]
[Date "2019.08.03"]
[Round "6"]
[White "bobhill"]
[Black "QuieroAprender"]
[Result "0-1"]
[WhiteElo "1823"]
[BlackElo "1731"]
[Opening "Queen's pawn game"]
[ECO "A46"]
[Time "21:43:44"]
[TimeControl "2700+45"]

1. d4 Nf6 2. Nf3 d6 3. Bg5 Bf5 4. c3 h6 5. Bh4 Nc6 6. Nbd2 g5 7. Bg3 Bg7 8. d5
Na5 9. Qa4+ c6 10. e4 Bg6 11. b4 Nxe4 12. Nxe4 Bxe4 13. Nd2 Bxc3 14. Rc1 Bxd2+
15. Kxd2 Nc4+ 16. Bxc4 b5 17. Bxb5 cxb5 18. Qxb5+ Qd7 19. Qa5 Rc8 20. Rxc8+ Qxc8
21. Rc1 Qf5 22. f3 Bxd5 23. Qb5+ Kf8 24. Qb8+ Kg7 25. Qxa7 Ra8 26. Qd4+ Kg8 27.
Rc2 Rxa2 28. Rxa2 Bxa2 29. Qc3 Qd5+ 30. Kc2 Qc4 31. Be1 Qe2+ 32. Kc1 Qxg2 33.
Qc8+ Kg7 34. Bc3+ f6 35. Qc7 Qg1+ 36. Kc2 Qxh2+ 37. Bd2 Qe5 38. Qa7 Qf5+ 39. Kc3
Qxf3+ 40. Be3 Qc6+ 41. Kb2 Qg2+ 42. Ka1 Bf7 43. Qd4 Qh1+ 44. Kb2 Qh2+ 45. Bd2
Qe5 46. Kc3 Bd5 47. b5 Qxd4+ 48. Kxd4 Bb7 49. Ke3 Kg6 50. Ba5 Kf5 51. Bb4 h5 52.
Kf2 h4 53. Kg1 g4 54. Kh2 g3+ 55. Kh3 Kg5 56. b6 Bc8+ 57. Kg2 Kg4 58. Kg1 h3 59.
Be1 h2+ {White resigns} 0-1

[Event "Team 45 45 League T81"]
[Site "Internet Chess Club"]
[Date "2019.08.06"]
[Round "6"]
[White "gnat"]
[Black "Zebbile"]
[Result "1/2-1/2"]
[WhiteElo "2065"]
[BlackElo "1757"]
[Opening "Richter-Veresov attack"]
[ECO "D01"]
[Time "17:00:29"]
[TimeControl "2700+45"]

1. d4 Nf6 2. Nc3 d5 3. Bg5 Nbd7 4. Qd3 c6 5. e4 dxe4 6. Nxe4 Nxe4 7. Qxe4 Qa5+
8. Bd2 Qb6 9. O-O-O Nf6 10. Qh4 Bf5 11. Bg5 Qa5 12. a3 O-O-O 13. Bd3 h6 14. Bxf6
exf6 15. Qh5 Rd5 16. Qxf7 Bxd3 17. Qe6+ Kc7 18. Rxd3 Rd7 19. Nf3 Bd6 20. Qe1 Qd5
21. Kb1 Re7 22. Re3 Rhe8 23. Rxe7+ Rxe7 24. Qf1 Qe4 25. Qd1 Qe2 26. Qxe2 Rxe2
27. Rf1 c5 28. g3 b5 29. Kc1 Kc6 30. Kd1 Re4 31. Re1 Kd5 32. dxc5 Bxc5 33. Rxe4
Kxe4 34. Ke2 a5 35. Nd2+ Ke5 36. f4+ Kd5 37. Kd3 h5 38. h3 f5 39. Nf1 a4 40.
Ne3+ Ke6 41. Nd1 Kd5 42. Nc3+ Kc6 43. Ne2 Kd5 44. Nc3+ Kc6 45. Ke2 Bd4 46. Nd1
Kd5 47. Kd3 Bc5 48. Ne3+ Ke6 49. c3 Bb6 50. Nc2 Bf2 51. Nd4+ Kf6 52. Nxb5 Bxg3
53. Ke3 g5 54. fxg5+ Kxg5 55. Kf3 Be5 56. Nd4 Kf6 57. Ne2 Ke6 58. Nf4+ Kd6 59.
Nxh5 Kc5 60. Nf4 Kc4 61. h4 Kb3 62. Nd3 Bf6 63. h5 Bg5 64. Ke2 Bh6 65. Nc5+ Kxb2
66. Nxa4+ Kxa3 67. Nc5 f4 68. Kd3 f3 69. Ne4 Ka4 70. Ng3 Kb5 71. Ke4 f2 72. Kf3
Kc4 73. Kxf2 Kxc3 74. Kf3 Bf8 75. Ke4 Kc4 76. Ke5 Kd3 77. Nf5 Ke2 78. Kf6 Kf3
79. Kg6 Kg4 80. Nd4 Bc5 81. Ne6 Be3 82. Ng7 Bc1 83. Nf5 Bd2 84. Nh6+ Kh4 85. Nf7
Bf4 86. Nd8 Kg4 87. Nc6 Bc1 88. Ne5+ Kh4 89. Nd3 Be3 90. Ne1 Kg4 91. Nc2 Bc1 92.
Nb4 Bd2 93. Nc6 Bf4 94. Nd4 Be3 95. Nf5 Bc1 96. Nh6+ Kh4 97. Ng8 Bg5 98. Nh6 Bc1
99. Nf5+ Kg4 100. Nd6 Bd2 101. Nc4 Bc1 102. Ne5+ Kh4 103. Nf3+ Kg4 104. Ne1 Bd2
105. Nd3 Be3 106. Ne5+ Kh4 107. Nd3 Kg4 108. Ne1 Bd2 109. Nc2 Bc1 110. Nd4 Bd2
111. Nf5 Bc1 112. h6 Bxh6 {Game drawn because neither player has mating
material} 1/2-1/2

[Event "Team 45 45 League T81"]
[Site "Internet Chess Club"]
[Date "2019.08.01"]
[Round "6"]
[White "achessman"]
[Black "cool64chess"]
[Result "1/2-1/2"]
[WhiteElo "1878"]
[BlackElo "1910"]
[Opening "English: Neo-Catalan declined"]
[ECO "A07"]
[Time "23:03:41"]
[TimeControl "2700+45"]

1. Nf3 d5 2. g3 Nf6 3. Bg2 e6 4. O-O Be7 5. c4 O-O 6. b3 b6 7. Bb2 Bb7 8. e3 c5
9. d3 Nc6 10. Qe2 a5 11. Nc3 Qb8 12. Rfd1 Rd8 13. Nb5 a4 14. d4 Na5 15. cxd5
Bxd5 16. Ne5 Bxg2 17. Kxg2 axb3 18. Qf3 cxd4 19. Bxd4 Rc8 20. axb3 Nxb3 21. Rxa8
Qxa8 22. Bxb6 {Game drawn by mutual agreement} 1/2-1/2

[Event "Team 45 45 League T81"]
[Site "Internet Chess Club"]
[Date "2019.08.04"]
[Round "6"]
[White "wildkingdumb6"]
[Black "suicidepawn"]
[Result "1-0"]
[WhiteElo "1724"]
[BlackElo "1813"]
[Opening "Caro-Kann: Panov-Botvinnik, normal variation"]
[ECO "B13"]
[Time "19:00:52"]
[TimeControl "2700+45"]

1. e4 c6 2. d4 d5 3. exd5 cxd5 4. c4 Nf6 5. Nc3 Nc6 6. Bg5 e6 7. c5 Bd7 8. Nf3
b6 9. cxb6 axb6 10. a3 Be7 11. Bd3 O-O 12. O-O h6 13. Be3 Bd6 14. Qd2 Na5 15.
Rad1 Ng4 16. h3 Nxe3 17. fxe3 f5 18. Qf2 Rc8 19. Rc1 Nc4 20. Bxc4 Rxc4 21. Ne2
Bb5 22. Rxc4 Bxc4 23. Rc1 Qb8 24. Nd2 Bh2+ 25. Kh1 Bxe2 26. Qxe2 Bd6 27. Nf3 Rc8
28. Qe1 Kf7 29. Rc3 b5 30. Qc1 Rxc3 31. Qxc3 b4 32. axb4 Bxb4 33. Qc6 Qa7 34.
Ne5+ Kf6 35. Nd7+ Ke7 36. Nc5 Qa1+ 37. Kh2 Bxc5 38. dxc5 Qxb2 39. Qd6+ Kf6 40.
c6 Qc3 41. c7 Kf7 42. Qd7+ Kf6 43. c8=Q Qe5+ 44. Kg1 Qxe3+ 45. Kf1 Qd3+ 46. Ke1
Qe3+ 47. Kd1 Qd3+ 48. Kc1 Qa3+ 49. Kd2 Qa2+ 50. Qc2 Qa6 51. Qc3+ e5 52. Qcc6+
Qxc6 53. Qxc6+ Kg5 54. Qxd5 e4 55. g4 g6 56. Ke3 h5 57. gxf5 gxf5 58. Qg8+ Kf6
59. Kf4 e3 60. Qg5+ Kf7 61. Qxf5+ Kg7 62. Kg5 e2 63. Qf6+ Kg8 64. Kg6 e1=Q 65.
Qg7# {Black checkmated} 1-0

[Event "Team 45 45 League T81"]
[Site "Internet Chess Club"]
[Date "2019.08.01"]
[Round "6"]
[White "backrankbrawler"]
[Black "PJ"]
[Result "1-0"]
[WhiteElo "1734"]
[BlackElo "1562"]
[Opening "Queen's pawn game"]
[ECO "D05"]
[Time "09:08:44"]
[TimeControl "2700+45"]

1. d4 d5 2. Nf3 e6 3. e3 Nf6 4. Bd3 c6 5. O-O Bd6 6. Nbd2 Nbd7 7. Qe2 e5 8. e4
O-O 9. dxe5 Nxe5 10. Nxe5 Bxe5 11. exd5 Re8 12. Qd1 Qc7 13. Nf3 Bg4 14. h3 Bxf3
15. Qxf3 cxd5 16. c3 Rad8 17. g4 Rd6 18. Kh1 Ne4 19. Bxe4 dxe4 20. Qxe4 Qd7 21.
Qg2 h5 22. g5 Rd3 23. Be3 Qf5 24. h4 Bf4 25. Bxf4 Qxf4 26. Qh2 Qf5 27. f3 Ree3
28. Rf2 Rxf3 29. Raf1 Qe4 30. Rxf3 Rxf3 31. Rxf3 Qxf3+ 32. Qg2 Qf4 33. Qh2 Qe4+
34. Qg2 Qxh4+ 35. Kg1 Qe1+ 36. Kh2 Qe5+ 37. Kg1 Qc5+ 38. Kh2 Qc7+ 39. Kg1 Qd7
40. Kh2 b6 41. Qa8+ Kh7 42. Qe4+ g6 43. Qg2 Qd6+ 44. Kh1 Qd1+ 45. Kh2 Qd6+ 46.
Kg1 Qd5 47. Qxd5 {Black resigns} 1-0

[Event "Team 45 45 League T81"]
[Site "Internet Chess Club"]
[Date "2019.08.04"]
[Round "6"]
[White "ben622"]
[Black "fledermaus"]
[Result "0-1"]
[WhiteElo "1915"]
[BlackElo "1871"]
[Opening "Sicilian: Sozin attack"]
[ECO "B86"]
[Time "15:01:51"]
[TimeControl "2700+45"]

1. e4 c5 2. Nf3 e6 3. d4 cxd4 4. Nxd4 Nf6 5. Nc3 d6 6. Bc4 Be7 7. O-O O-O 8. Bb3
Na6 9. f4 Nc5 10. Qf3 a5 11. a4 Nxb3 12. Nxb3 Bd7 13. Be3 Bc6 14. Nd4 d5 15. e5
Nd7 16. Qh5 g6 17. Qh6 Re8 18. Rf3 Bf8 19. Qh3 Nc5 20. Rg3 Ne4 21. Nxe4 dxe4 22.
f5 exf5 23. Nxf5 Bd7 24. Nh6+ Kg7 25. Ng4 h5 26. e6 Bxe6 27. Rf1 Bxg4 28. Rxg4
hxg4 29. Qxg4 Qd5 30. c3 Bc5 31. Qf4 Bxe3+ 32. Qxe3 Rad8 33. Qf4 Re7 34. Qf6+
Kg8 35. Qxe7 Rd7 36. Qe8+ Kg7 37. Kh1 f5 38. h4 Qf7 39. Qe5+ Qf6 40. Qg3 Re7 41.
h5 g5 42. Kg1 e3 43. h6+ Kxh6 44. Qh3+ Kg6 45. g4 f4 46. Qf3 Qc6 47. Qh3 Rh7
{White resigns} 0-1

[Event "Team 45 45 League T81"]
[Site "Internet Chess Club"]
[Date "2019.08.03"]
[Round "6"]
[White "LookImYourVader"]
[Black "ArturitoGalacti"]
[Result "1-0"]
[WhiteElo "1808"]
[BlackElo "1805"]
[Opening "Caro-Kann: Panov-Botvinnik attack, 5...e6"]
[ECO "B14"]
[Time "16:09:04"]
[TimeControl "2700+45"]

1. e4 c6 2. d4 d5 3. exd5 cxd5 4. c4 Nf6 5. Nc3 e6 6. Nf3 Bb4 7. Bd3 dxc4 8.
Bxc4 O-O 9. O-O b6 10. Bg5 Bb7 11. Ne5 Be7 12. Qd3 Nc6 13. Rfd1 Na5 14. Ba6 Qc8
15. Bxb7 Qxb7 16. a3 Rfd8 17. b4 Nc6 18. Qf3 Rac8 19. b5 Na5 20. Qxb7 Nxb7 21.
Nc6 Rd7 22. Nxe7+ Rxe7 23. Ne4 Rd7 24. Bxf6 {Black resigns} 1-0

[Event "Team 45 45 League T81"]
[Site "Internet Chess Club"]
[Date "2019.08.06"]
[Round "6"]
[White "Ajolote"]
[Black "jonesey"]
[Result "0-1"]
[WhiteElo "1927"]
[BlackElo "1851"]
[Opening "French: Chigorin variation"]
[ECO "C00"]
[Time "15:02:00"]
[TimeControl "2700+45"]

1. e4 e6 2. Qe2 c5 3. Nf3 Nc6 4. g3 Be7 5. Bg2 d5 6. e5 f6 7. Nc3 fxe5 8. Nxe5
Nxe5 9. Qxe5 Nf6 10. O-O O-O 11. d3 Bd7 12. Bh3 Qb6 13. Re1 Kh8 14. Bxe6 Bd6 15.
Qg5 Rae8 16. Nxd5 Qd8 17. Qf5 Nxd5 18. Qxd5 Qf6 19. Bf4 Bxf4 20. Qxd7 Be5 21.
Bd5 Qxf2+ 22. Kh1 Bxg3 23. hxg3 Rxe1+ 24. Rxe1 Qxe1+ 25. Kh2 Qf2+ 26. Kh3 Qf5+
27. Qxf5 Rxf5 28. Bxb7 Rf2 29. Kg4 Rxc2 30. Kf5 Rxb2 31. Bd5 g6+ 32. Ke5 Rd2 33.
Ke4 Kg7 34. a4 Kf6 35. Ke3 Rd1 36. Ke4 h5 37. Bc6 g5 38. Bd7 c4 39. Be8 c3
{White resigns} 0-1

[Event "Team 45 45 League T81"]
[Site "Internet Chess Club"]
[Date "2019.08.03"]
[Round "6"]
[White "Invicta-Knight"]
[Black "nealbruce"]
[Result "0-1"]
[WhiteElo "1479"]
[BlackElo "1669"]
[Opening "Center game: Berger variation"]
[ECO "C22"]
[Time "17:04:29"]
[TimeControl "2700+45"]

1. e4 e5 2. d4 exd4 3. Qxd4 Nc6 4. Qe3 Nf6 5. Nc3 Bb4 6. Bd2 O-O 7. O-O-O Re8 8.
Qg3 Nxe4 9. Nxe4 Rxe4 10. Bd3 Bxd2+ 11. Rxd2 Re1+ 12. Rd1 Rxd1+ 13. Kxd1 d6 14.
Nf3 h6 15. Nh4 Be6 16. a3 Qf6 17. Kc1 Ne5 18. Be4 d5 19. Bf3 Nc4 20. c3 Qg5+ 21.
Kc2 Qd2+ 22. Kb3 Qxb2+ 23. Ka4 b5# {White checkmated} 0-1

[Event "Team 45 45 League T81"]
[Site "Internet Chess Club"]
[Date "2019.08.02"]
[Round "6"]
[White "Demachaeron"]
[Black "julesraider"]
[Result "1-0"]
[WhiteElo "1748"]
[BlackElo "1600"]
[Opening "Sicilian: Najdorf, Byrne (English) attack"]
[ECO "B90"]
[Time "16:02:06"]
[TimeControl "2700+45"]

1. e4 c5 2. Nf3 d6 3. d4 cxd4 4. Nxd4 Nf6 5. Nc3 a6 6. Be3 e5 7. Nf3 Be7 8. Bc4
b5 9. Bd5 Nxd5 10. Nxd5 Nd7 11. O-O Bb7 12. Nxe7 Qxe7 13. Nd2 O-O 14. f3 d5 15.
exd5 Bxd5 16. Re1 f5 17. Bf2 Rac8 18. Nb3 Ba8 19. Qe2 Rc7 20. Rad1 Rfc8 21. Rd2
Qf6 22. Red1 Qe7 23. c3 e4 24. f4 e3 25. Qxe3 Be4 26. Rd6 b4 27. Be1 Nf6 28. Qd4
Rc4 29. Qe5 Qa7+ 30. Bf2 Qxf2+ 31. Kxf2 Ng4+ 32. Kg1 Nxe5 33. fxe5 bxc3 34. bxc3
Rxc3 35. e6 Rc2 36. Rd8+ {Black resigns} 1-0

[Event "Team 45 45 League T81"]
[Site "Internet Chess Club"]
[Date "2019.08.01"]
[Round "6"]
[White "ARMAND02019"]
[Black "Chess4Him"]
[Result "1-0"]
[WhiteElo "1632"]
[BlackElo "1467"]
[Opening "QGD Slav defense"]
[ECO "D10"]
[Time "20:37:09"]
[TimeControl "2700+45"]

1. d4 c6 2. c4 d5 3. Nc3 Bf5 4. e3 Nf6 5. Nf3 e6 6. Be2 h6 7. Bd2 Be7 8. Ne5
Nbd7 9. f4 Ne4 10. Nxe4 Bxe4 11. O-O O-O 12. cxd5 exd5 13. Bf3 Nxe5 14. Bxe4
dxe4 15. fxe5 c5 16. Bc3 cxd4 17. exd4 f5 18. exf6 Bxf6 19. Re1 Re8 20. Kh1 Kh8
21. d5 Bxc3 22. bxc3 Qa5 23. Qd4 Rad8 24. c4 e3 25. Rxe3 a6 26. h3 Qc7 27. Rxe8+
Rxe8 28. d6 Qc6 29. Rd1 Re2 30. Qd5 Qd7 31. c5 Re8 32. Rb1 Qc6 33. Qxc6 bxc6 34.
Rb6 Rc8 35. Rxa6 Kg8 36. Ra7 Kf8 37. Rc7 Rd8 38. Rxc6 g5 39. Rc7 h5 40. a4
{Black resigns} 1-0

[Event "Team 45 45 League T81"]
[Site "Internet Chess Club"]
[Date "2019.08.04"]
[Round "6"]
[White "BrerRabbit"]
[Black "Toalla"]
[Result "0-1"]
[WhiteElo "1358"]
[BlackElo "1240"]
[Opening "Réti opening"]
[ECO "A04"]
[Time "15:34:10"]
[TimeControl "2700+45"]

1. Nf3 g6 2. c4 c5 3. g3 b6 4. Bg2 Bb7 5. O-O Bg7 6. Nc3 Nc6 7. d3 d6 8. e4 Nf6
9. Bg5 h6 10. Be3 O-O 11. Qd2 Ng4 12. Bf4 e5 13. Be3 Nxe3 14. fxe3 f5 15. Nh4
Ne7 16. Rab1 f4 17. exf4 exf4 18. Rxf4 Rxf4 19. gxf4 Qd7 20. Bh1 Bd4+ 21. Kf1
Qh3+ 22. Ng2 Qxh2 23. Ne3 Qxd2 {White resigns} 0-1